 Dungeon Crawl Stone Soup version 0.24.0-125-gc4c63601f3 (webtiles) character file.

Game seed: 11421194059576977646, levelgen mode: deterministic

5294 Frank2 the Basher (level 10, 0/115 HPs)
             Began as a Demonspawn Gladiator on Mar 13, 2020.
             Was a Follower of Makhleb.
             Succumbed to a killer bee's poison
             ... on level 9 of the Dungeon.
             The game lasted 00:12:37 (8697 turns).

Frank2 the Basher (Demonspawn Gladiator)            Turns: 8697, Time: 00:12:38

Health: 0/115      AC: 25    Str: 17    XL:     10   Next: 37%
Magic:  13/13      EV:  2    Int: 11    God:    Makhleb [*.....]
Gold:   401        SH:  0    Dex: 17    Spells: 9/9 levels left

rFire    + . .     SeeInvis .   a - +0 flail
rCold    x . .     Gourm    .   (no shield)
rNeg     + + +     Faith    .   (armour currently unavailable)
rPois    +         Spirit   .   (helmet currently unavailable)
rElec    .         Reflect  .   (cloak currently unavailable)
rCorr    .         Harm     .   (gloves currently unavailable)
MR       .....     NoTele   +   (boots currently unavailable)
Stlth    ++........             (no amulet)
HPRegen  0.29/turn              l - +3 ring of strength
MPRegen  0.13/turn              k - ring of fire

@: lethally poisoned (0 -> -12), tree-form
A: rot immunity
a: Renounce Religion


You were on level 9 of the Dungeon.
You worshipped Makhleb.
Makhleb was aware of your devotion.
You were not hungry.
You were a tree.
You visited 2 branches of the dungeon, and saw 10 of its levels.

You collected 498 gold pieces.
You spent 97 gold pieces at shops.

Inventory:

Hand Weapons
 a - a +0 flail (weapon)
 b - a +0 morningstar
 d - a +0 whip of freezing
 y - a +0 dire flail
Armour
 o - the +2 pair of boots of the Assassin (melded) {Detection Stab+ Stlth++}
   (You found it on level 5 of the Dungeon)

   It makes you much more stealthy.
 r - a +2 cloak (melded)
 w - the +4 ring mail "Bisos" (melded) {rElec rC+ SInv Stlth-}
   (You found it on level 4 of the Dungeon)

   It protects you from cold.
   It insulates you from electricity.
   It lets you see invisible.
   It makes you less stealthy.
Jewellery
 j - an uncursed ring of see invisible
 k - a ring of fire (right branch)
 l - a +3 ring of strength (left branch)
 n - an uncursed amulet of rage {unknown}
Wands
 g - a wand of disintegration (13)
 p - a wand of random effects (3)
Scrolls
 e - 5 scrolls of remove curse
 h - a scroll of summoning {unknown}
 m - a scroll of holy word {unknown}
Potions
 c - a potion of agility {unknown}
 i - 3 potions of mutation
 q - a potion of haste
 s - a potion of degeneration
 x - a potion of magic
 z - a potion of curing {unknown}
Comestibles
 f - 6 rations
 t - 6 chunks of flesh


   Skills:
 + Level 6.4 Fighting
 + Level 9.8 Maces & Flails
 - Level 1.7 Throwing
 + Level 5.5 Armour
 + Level 5.8 Dodging
 * Level 4.5 Invocations
 * Level 3.3 Evocations


You had 9 spell levels left.
You didn't know any spells.
Your spell library contained the following spells:

 Spells                   Type           Power        Failure   Level  Hunger
 Beastly Appendage        Tmut           #.....       34%         1    ##.....
 Corona                   Hex            #......      34%         1    ##.....
 Ensorcelled Hibernation  Hex/Ice        #.....       47%         2    ###....
 Sticks to Snakes         Tmut           #.......     47%         2    ###....
 Confuse                  Hex            #.......     71%         3    ####...
 Dazzling Spray           Conj/Hex       #.....       71%         3    ####...
 Spider Form              Tmut/Pois      #.........   71%         3    ####...
 Tukima's Dance           Hex            #.......     71%         3    ####...
 Cause Fear               Hex            #.........   98%         4    #####..
 Ice Form                 Ice/Tmut       #.......     98%         4    #####..
 Blade Hands              Tmut           #.........   100%        5    ######.
 Silence                  Hex/Air        #.........   100%        5    ######.
 Yara's Violent Unravell  Hex/Tmut       #.........   100%        5    ######.
 Deflect Missiles         Chrm/Air       #.........   100%        6    #######
 Discord                  Hex            #.........   100%        8    #######


Dungeon Overview and Level Annotations

Branches:
Dungeon (9/15)             Temple (1/1) D:7             Orc (0/2) D:9
   Lair: D:8-11

Altars:
Cheibriados
Dithmenos
Fedhas
Gozag
Kikubaaqudgha
Makhleb
Nemelex Xobeh
Qazlal
Ru
Sif Muna
Uskayaw
Vehumet
Wu Jian
Xom
Yredelemnul
Zin
The Shining One

Shops:
D:8 ?

Annotations:
D:5 3 runed translucent doors, Troglofil's ghost, amateur GrFi; r0y's ghost, novice HOFi


Innate Abilities, Weirdness & Mutations

((You have sharp fingernails.))
((You have a pair of horns on your head.))
You are immune to rotting.


Message History

The killer bee stings you but does no damage. x2
The killer bee barely misses you.
The killer bee stings you but does no damage. x3
You barely miss the orc warrior.
The orc warrior is heavily wounded.
* * * LOW HITPOINT WARNING * * *
You feel sick.
The killer bee stings you but does no damage. x4
The killer bee stings you.
* * * LOW HITPOINT WARNING * * *
The killer bee stings you.
* * * LOW HITPOINT WARNING * * *
The killer bee stings you but does no damage. x2
The orc warrior hits you with a +0 mace.
* * * LOW HITPOINT WARNING * * *
The killer bee stings you but does no damage.
You hear a shout!
You barely miss the orc warrior.
The orc warrior is heavily wounded.
You die...

#.# #####.#####
#.........#
#.........#
#.........#
#......o..##
#....oyyc..#
#....yyoyy.#
.....oy♣yh.#
......yyy..#
.......o.......
..........#####
..........#
..........#
..........#
###........


You could see an orc warrior, a centaur (berserk), a hound, 11 killer bees, an
orc priest and 3 orcs.

Vanquished Creatures
  Harold (D:8)
  A two-headed ogre (D:8)
  An unseen horror (D:7)
  Pikel (D:5)
  A hungry ghost (D:8)
  A steam dragon (D:8)
  Menkaure (D:4)
  2 orc warriors
  2 black bears
  3 slaves (D:5)
  A necrophage (D:7)
  2 centaurs
  2 phantoms
  5 ogres
  A wyvern zombie (D:6)
  5 bullfrogs
  3 scorpions
  A howler monkey (D:5)
  A crimson imp (D:8)
  A centaur zombie (D:9)
  3 orc priests
  4 hounds
  4 orc wizards
  2 bullfrog skeletons
  3 iguanas
  3 worker ants
  A killer bee zombie (D:7)
  A hound zombie (D:7)
  7 adders
  3 shadow imps
  3 oozes
  An adder zombie (D:5)
  An adder skeleton (D:4)
  A worm (D:2)
  4 dart slugs
  A leopard gecko (D:8)
  20 orcs
  2 ball pythons
  6 bats
  8 giant cockroaches
  4 hobgoblins
  7 jackals
  3 frilled lizards
  2 giant cockroach zombies
  12 goblins
  A jackal skeleton (D:7)
  5 kobolds
  A leopard gecko skeleton (D:7)
  A quokka zombie (D:8)
  A rat (D:3)
151 creatures vanquished.

Notes
Turn   | Place    | Note
-------+----------+-------------------------------------------
     0 | D:1      | Frank2 the Demonspawn Gladiator began the quest for the
                  | Orb.
     0 | D:1      | Reached XP level 1. HP: 16/16 MP: 1/1
   196 | D:1      | Gained mutation: You have sharp fingernails. [demonic
                  | ancestry]
   196 | D:1      | Reached XP level 2. HP: 16/22 MP: 2/2
   277 | D:1      | Reached skill level 3 in Maces & Flails
   686 | D:2      | Reached XP level 3. HP: 19/27 MP: 3/3
  1167 | D:2      | Found a sacrificial altar of Ru.
  1621 | D:3      | Found a faded altar of an unknown god.
  1675 | D:3      | Found a glowing silver altar of Zin.
  1833 | D:3      | Gained mutation: You have a pair of small horns on your
                  | head. [demonic ancestry]
  1833 | D:3      | Reached XP level 4. HP: 28/34 MP: 4/4
  1956 | D:3      | Reached skill level 1 in Armour
  2528 | D:4      | Got a transparent ring mail
  2572 | D:4      | Identified the +4 ring mail "Bisos" {rElec rC+ SInv Stlth-}
                  | (You found it on level 4 of the Dungeon)
  2829 | D:4      | Reached XP level 5. HP: 39/39 MP: 5/5
  2882 | D:4      | Reached skill level 4 in Maces & Flails
  3272 | D:4      | Noticed Menkaure
  3285 | D:4      | Killed Menkaure
  3285 | D:4      | Reached XP level 6. HP: 6/47 MP: 6/6
  3627 | D:5      | Entered Level 5 of the Dungeon
  3658 | D:5      | Found the +2 pair of boots of the Assassin {Detection Stab+
                  | Stlth++}
  3753 | D:5      | Identified the cursed +1 war axe "Maugih" {freeze, rF+++
                  | MR-}
  3814 | D:5      | Found a blossoming altar of Fedhas.
  3834 | D:5      | Found an ornate altar of the Wu Jian Council.
  3864 | D:5      | Noticed a slave
  3864 | D:5      | Noticed Pikel
  3884 | D:5      | Killed a slave
  3890 | D:5      | Reached skill level 5 in Maces & Flails
  3957 | D:5      | Noticed a slave
  3959 | D:5      | Noticed a slave
  3972 | D:5      | Killed a slave
  3981 | D:5      | Killed a slave
  4086 | D:5      | Noticed a slave
  4128 | D:5      | Killed Pikel
  4128 | D:5      | Reached skill level 6 in Maces & Flails
  4128 | D:5      | Gained mutation: You are immune to rotting. [demonic
                  | ancestry]
  4128 | D:5      | Reached XP level 7. HP: 52/53 MP: 7/7
  4151 | D:5      | Found a glowing silver altar of Zin.
  4164 | D:5      | Found a sparkling altar of Nemelex Xobeh.
  4203 | D:5      | Reached XP level 8. HP: 47/60 MP: 8/8
  4222 | D:5      | Found a runed translucent gate.
  4222 | D:5      | Found a runed translucent gate.
  4222 | D:5      | Found a runed translucent gate.
  4223 | D:5      | Noticed r0y's ghost (novice HOFi)
  4224 | D:5      | Noticed Troglofil's ghost (amateur GrFi)
  4495 | D:5      | Found a basalt altar of Yredelemnul.
  4869 | D:6      | Reached skill level 7 in Maces & Flails
  5273 | D:6      | Found a shimmering altar of Xom.
  5749 | D:7      | Found a radiant altar of Vehumet.
  5847 | D:7      | Found a staircase to the Ecumenical Temple.
  5860 | Temple   | Entered the Ecumenical Temple
  5870 | Temple   | Became a worshipper of Makhleb the Destroyer
  6073 | D:7      | Reached skill level 5 in Fighting
  6080 | D:7      | HP: 1/62 [orc priest/divine providence (10)]
  6735 | D:7      | Reached skill level 8 in Maces & Flails
  6923 | D:7      | Noticed an unseen horror
  6943 | D:7      | Killed an unseen horror
  6943 | D:7      | Reached skill level 5 in Dodging
  6943 | D:7      | Gained mutation: You have a pair of horns on your head.
                  | [demonic ancestry]
  6943 | D:7      | Reached XP level 9. HP: 58/68 MP: 9/9
  7174 | D:8      | Noticed Harold
  7242 | D:8      | Killed Harold
  7242 | D:8      | Reached skill level 9 in Maces & Flails
  7242 | D:8      | Reached skill level 5 in Armour
  7242 | D:8      | Reached skill level 1 in Evocations
  7257 | D:8      | HP: 3/69 [centaur/arrow (11)]
  7451 | D:8      | Noticed a two-headed ogre
  7460 | D:8      | Killed a two-headed ogre
  7460 | D:8      | Reached XP level 10. HP: 45/76 MP: 12/12
  7490 | D:8      | Reached * piety under Makhleb
  7717 | D:8      | Found Kouhuw's Magic Scroll Emporium.
  7725 | D:8      | Bought a scroll of enchant armour for 97 gold pieces
  8688 | D:9      | Found a staircase to the Orcish Mines.
  8689 | D:9      | HP: 1/77 [killer bee (6)]
  8696 | D:9      | HP: 5/115 [killer bee (2)]
  8696 | D:9      | HP: 1/115 [orc warrior/+0 mace (4)]
  8697 | D:9      | Succumbed to a killer bee's poison

Levels and vault maps discovered:
D:1:      elethiomel_arrival_maze, layout_rooms
D:2:      layout_loops_corners, nicolae_ru_path_of_blood,
          roderic_serpentine_path
D:3:      layout_loops_ring, old_standard_altar,
          chequers_ecumenical_altar_simple, hangedman_decor_push
D:4:      layout_loops_ring, first_ration, serial_forest,
          infiniplex_forest_lined_room_2, infiniplex_forest_clump_cross,
          infiniplex_forest_lined_2, infiniplex_forest_lined_room_3,
          infiniplex_forest_lined_2, uniq_menkaure
D:5:      layout_basic, fedhas_altar_3, nicolae_overflow_hidden_temple,
          nicolae_overflow_crystal_walls, gammafunk_ghost_cemetery, basic_altar,
          nemelex_dance_club_becter, uniq_pikel
D:6:      layout_basic, old_standard_altar
D:7:      layout_loops_corners, temple_green, basic_altar
D:8:      layout_loops_ring, serial_shops, shop, uniq_harold
D:9:      layout_roguey, david_orc_3, grunt_ogre_cave
Temple:   eino_temple_rhombus

Skill      XL: |  1  2  3  4  5  6  7  8  9 10 |
---------------+-------------------------------+-----
Dodging        | 3 4 5 |  5.8
Maces & Flails | 3 4 6 8 9 |  9.8
Armour         | 1 2 3 4 5 |  5.5
Fighting       | 3 5 6 |  6.4
Invocations    | 3 4 |  4.5
Evocations     | 2 3 |  3.3
Throwing       | |  1.7

Action                   |  1- 3 |  4- 6 |  7- 9 | 10-12 || total
-------------------------+-------+-------+-------+-------++-------
Melee: Flail             |   125 |   154 |   244 |   148 ||   671
       Headbutt          |       |    32 |    50 |    36 ||   118
Throw: Throwing net      |       |     5 |     1 |     1 ||     7
Evoke: Wand              |       |       |     5 |     1 ||     6
  Use: Scroll            |     3 |     5 |     8 |     5 ||    21
       Potion            |       |     1 |     5 |     3 ||     9
 Stab: Held in net/web   |       |     1 |       |     1 ||     2
       Invisible         |       |     5 |       |       ||     5
       Sleeping          |       |       |     3 |     1 ||     4
       Distracted        |       |       |     1 |       ||     1
  Eat: Chunk             |     2 |     5 |    10 |     5 ||    22
       Ration            |       |     1 |       |     1 ||     2
Armor: Ring mail         |    49 |    52 |    73 |    84 ||   258
       Skin              |       |       |       |    46 ||    46
Dodge: Dodged            |    98 |    90 |   155 |   103 ||   446
